 Dungeon Crawl Stone Soup version 0.17-a0-83-g894156c (console) character file.

94061 MrRokkomies the Swashbuckler (level 16, -5/96 (97) HPs)
             Began as a Kobold Abyssal Knight on Mar 14, 2015.
             Was the Champion of Lugonu.
             Shot with a bolt by a yaktaur (30 damage)
             ... on level 15 of the Dungeon on Mar 17, 2015.
             The game lasted 02:26:32 (30322 turns).

MrRokkomies the Swashbuckler (KoAK)                Turns: 30322, Time: 02:26:32

HP:   -5/96 (97)    AC: 16    Str: 14    XL:     16   Next: 58%
MP:   30/31         EV: 20    Int: 15    God:    Lugonu [******]
Gold: 1720          SH:  0    Dex: 16    Spells: 5 memorised, 11 levels left

rFire  + . .     SeeInvis .     a - +2 scimitar (flame)
rCold  . . .     Clarity  .     y - +1 ring mail of a Thousand Stars {rElec MR+ Str+2 Slay+3}
rNeg   . . .     SustAb   .     (no shield)
rPois  +         Gourm    .     O - +1 helmet
rElec  +         Spirit   .     S - +0 cloak "Thowk" {rPois rC+}
rCorr  .         Warding  .     t - +1 pair of gloves
rMut   .         Stasis   .     o - +0 pair of boots
MR     ++...                    V - amulet of faith
Stlth  +.........               l - ring of fire
                                D - +2 ring of protection

@: very resistant to hostile enchantments, very unstealthy
A: carnivore 3
a: Depart the Abyss, Bend Space, Banish, Corrupt, Enter the Abyss, Renounce
Religion


You were on level 15 of the Dungeon.
You worshipped Lugonu.
Lugonu was exalted by your worship.
You were very full.

You visited 3 branches of the dungeon, and saw 27 of its levels.
You visited the Abyss 1 time.
You also visited: Labyrinth, Bailey and Volcano.

You collected 3053 gold pieces.
You spent 1333 gold pieces at shops.

Inventory:

Hand weapons
 a - a +2 scimitar of flaming (weapon)
 b - the cursed +2 blowgun of Exhibitionism {speed, rC- rN+++ Int+2 Stlth-}
   (You found it on level 1 of the Lair of Beasts)

   Attacks with this weapon are significantly faster.
   It affects your intelligence (+2).
   It makes you vulnerable to cold.
   It renders you almost immune to negative energy.
   It makes you less stealthy.
   It has a curse placed upon it.
 H - a +4 arbalest of velocity
Missiles
 r - 99 poisoned needles
 L - 11 bolts of frost
 P - 61 bolts
Armour
 o - a +0 pair of boots (worn)
 t - a +1 pair of gloves (worn)
 y - the +1 ring mail of a Thousand Stars (worn) {rElec MR+ Str+2 Slay+3}
   (You found it on level 5 of the Dungeon)

   It affects your strength (+2).
   It affects your accuracy and damage with ranged weapons and melee attacks
   (+3).
   It insulates you from electricity.
   It affects your resistance to hostile enchantments.
 O - a +1 helmet (worn)
 S - the +0 cloak "Thowk" (worn) {rPois rC+}
   (You found it on level 5 of the Lair of Beasts)

   It protects you from cold.
   It protects you from poison.
Rods
 p - a +6 iron rod (15/15)
   (You took it off a minotaur in a labyrinth)
Jewellery
 l - a ring of fire (right hand)
 D - a +2 ring of protection (left hand)
 M - the ring of Contentment {MR+ Stlth+}
   (You found it on level 13 of the Dungeon)

   [ring of stealth]

   It affects your resistance to hostile enchantments.
   It makes you more stealthy.
 N - an uncursed ring of magical power
 V - an amulet of faith (around neck)
Magical devices
 i - a wand of disintegration (9)
 B - a wand of lightning (1)
 C - a wand of digging (14)
 K - a wand of teleportation (4)
 T - a wand of fireball (4)
 X - a wand of invisibility (1)
Scrolls
 j - 12 scrolls of recharging
 k - a scroll of magic mapping
 m - 5 scrolls of fog
 q - 9 scrolls of identify
 w - 9 scrolls of remove curse
 E - 3 scrolls of blinking
 G - 2 scrolls of enchant armour
 Q - 3 scrolls of teleportation
 R - a scroll of holy word
Potions
 d - 2 potions of heal wounds
 e - a potion of cancellation
 h - 10 potions of curing
 s - a potion of berserk rage
 x - 2 potions of haste
 z - a potion of flight
 J - 2 potions of restore abilities
 W - 2 potions of brilliance
 Y - a potion of resistance
 Z - a potion of magic
Books
 f - a book of Party Tricks

   Spells                             Type                      Level
   a - Summon Butterflies             Summoning                    1
   b - Apportation                    Translocation                1
   c - Tukima's Dance                 Hexes                        3
   d - Alistair's Intoxication        Transmutation/Poison         4
   e - Invisibility                   Hexes                        6
 v - a book of Conjurations

   Spells                             Type                      Level
   a - Magic Dart                     Conjuration                  1
   b - Searing Ray                    Conjuration                  2
   c - Dazzling Spray                 Conjuration/Hexes            3
   d - Fulminant Prism                Conjuration/Hexes            4
   e - Iskenderun's Mystic Blast      Conjuration                  4
   f - Iskenderun's Battlesphere      Conjuration/Charms           5
 I - a book of Air

   Spells                             Type                      Level
   a - Shock                          Conjuration/Air              1
   b - Swiftness                      Charms/Air                   2
   c - Repel Missiles                 Charms/Air                   2
   d - Flight                         Charms/Air                   3
   e - Static Discharge               Conjuration/Air              3
   f - Lightning Bolt                 Conjuration/Air              5
Miscellaneous
 g - a lamp of fire
Comestibles
 c - 12 meat rations
 n - a slice of pizza
 u - 11 royal jellies
 A - 4 beef jerkies


   Skills:
 - Level 10.0 Fighting
   Level 16.0(18.1) Short Blades
 - Level 10.1(12.1) Long Blades
 - Level 11.0 Crossbows
 - Level 5.0 Armour
 - Level 11.0 Dodging
 * Level 6.3 Spellcasting
 - Level 8.0 Hexes
 * Level 5.7 Summonings
 - Level 12.0 Invocations
 - Level 10.0 Evocations


You had 11 spell levels left.
You knew the following spells:

 Your Spells              Type           Power        Failure   Level  Hunger
a - Cause Fear            Hex            ####......   12%         4    ####...
b - Animate Skeleton      Necr           N/A          28%         1    None
c - Confuse               Hex            ####....     3%          3    ##.....
d - Summon Mana Viper     Hex/Summ       ####....     56%         5    ######.
e - Dazzling Spray        Conj/Hex       ###.....     17%         3    ##.....


Dungeon Overview and Level Annotations

Branches:
Dungeon (15/15)            Temple (0/1) D:5            Lair (8/8) D:8
 Shoals (0/5) Lair:3        Snake (0/5) Lair:4        Slime (0/6) Lair:8
    Orc (4/4) D:9          Vaults (0/5) D:13
    Elf: Orc:3-4     Depths: D:15

Altars:
Ashenzari
Cheibriados
Dithmenos
Elyvilon
Fedhas
Gozag
Kikubaaqudgha
Makhleb
Okawaru
Qazlal
Sif Muna
Trog
Vehumet
Xom
Zin
The Shining One
Beogh
Jiyva

Shops:
D:8 *(   D:10 [   D:12 *   Orc:1 :   Orc:2 *   Orc:4 (!(??

Portals:
Hell: Lair:8

Annotations:
D:8 exclusion: statue
Abyss:1 Azrael, Maud, Snorg


Innate Abilities, Weirdness & Mutations

You are small and have problems with some larger weapons.
You are carnivorous and can eat meat at any time.


Message History

The centaur warrior misses you.
The centaur warrior hits you but does no damage.
The yaktaur completely misses you.
You hit the yaktaur. You burn the yaktaur.
You kill the yaktaur!
Lugonu accepts your kill.
You slash the centaur warrior!! You burn the centaur warrior!
The centaur warrior is heavily wounded.
The centaur warrior hits you.
* * * LOW HITPOINT WARNING * * *
The centaur completely misses you.
You slash the centaur warrior!! You burn the centaur warrior!
The centaur warrior is almost dead.
The centaur warrior hits you but does no damage.
The centaur misses you.
You slice the centaur warrior!!! You burn the centaur warrior.
You kill the centaur warrior!
Lugonu accepts your kill.
The yaktaur shoots a bolt.
The bolt hits you!!
You die...

..c .....###+##
.cccc.#....#
......c#....#
#..c..c.#....#
#.......#....#
#..O....#....#
....c....#....# #
#.....(#@####..##
#.c.c..(c...(.....
#..######'#######
+. #(()ZZ<......#
###)#........#
#......#........#
#......#........#
+......#........#
#......#........#
...


You could see 2 yaktaurs and a centaur.

Vanquished Creatures
  Louise (D:14)
  A minotaur (Lab)
  An ettin (Orc:3)
  4 vault guards (D:13)
  2 hydras
  Fannar (D:13)
  Erica (Orc:4)
  A catoblepas (Lair:8)
  2 ogre magi (Orc:4)
  5 centaur warriors
  16 death yaks
  Nergalle (Orc:2)
  Erolcha (D:12)
  A deep elf knight (Bailey)
  An unseen horror (D:11)
  A fire crab (Lair:8)
  2 deep trolls
  3 hill giants
  A wizard (Lair:8)
  A griffon (D:15)
  A lindwurm (Volcano)
  A wolf spider (Orc:2)
  2 cyclopes
  5 elephants (Lair:8)
  Maurice (D:13)
  4 gargoyles (Volcano)
  6 black mambas
  5 centaur zombies
  12 spiny frogs
  2 yaktaurs
  4 torpor snails
  4 centaur skeletons
  Psyche (D:10)
  6 fire drakes
  8 komodo dragons
  An orange demon (Lair:8)
  A redback zombie (D:13)
  A hellwing (Lair:8)
  4 red devils (Lair:8)
  3 blue devils (Lair:8)
  29 blink frogs
  A hydra skeleton (D:13)
  11 trolls
  15 slime creatures
  5 basilisks
  5 two-headed ogres (Orc:3)
  2 trapdoor spiders (Lab)
  A deep elf mage (D:12)
  A wraith (D:13)
  3 hungry ghosts
  2 tarantellas (Orc:2)
  3 vampire mosquitoes (D:12)
  4 deep elf fighters (Bailey)
  A steam dragon (D:11)
  33 yaks
  15 wolves
  3 shadows
  3 fire elementals
  11 hippogriffs
  Edmund (D:9)
  14 water moccasins
  A soldier ant (D:10)
  A mottled dragon (D:13)
  8 porcupines
  A wasp (D:10)
  2 black bears
  4 sky beasts
  5 ice beasts
  A spider (Orc:2)
  12 orc warriors
  4 hell hounds
  3 necrophages
  3 phantoms
  19 centaurs
  22 ogres
  9 crocodiles
  2 brain worms
  17 giant frogs
  A wyvern skeleton (D:9)
  3 scorpions
  The ghost of Squibie the Slasher, a weakling DsCK of Xom (D:4)
  8 killer bees
  5 crimson imps
  A giant frog zombie (D:13)
  A goliath beetle (D:6)
  A quasit (D:7)
  A jelly (D:7)
  7 iguanas
  15 orc priests
  15 hounds
  22 orc wizards
  13 worker ants
  29 sheep
  A mummy (D:14)
  8 gnolls (D:8)
  3 hound skeletons
  20 adders
  34 river rats
  A giant mite (D:1)
  4 worms
  4 giant geckos
  149 orcs
  13 bats
  A bat zombie (D:6)
  18 hobgoblins
  7 jackals
  10 quokkas
  4 ball pythons
  5 giant cockroaches
  7 giant newts
  14 goblins
  A jackal skeleton (D:6)
  A jackal zombie (D:7)
  13 kobolds
  14 rats
  A plant (Lair:8)
852 creatures vanquished.

Vanquished Creatures (collateral kills)
  A komodo dragon (Lair:8)
  A two-headed ogre (Orc:3)
  2 blink frogs (Lair:8)
  2 deep elf magi (Bailey)
  A fire elemental (D:13)
  2 ogres (Orc:3)
  A sheep (Lair:8)
  13 orcs
  A goblin (Orc:4)
24 creatures vanquished.

Vanquished Creatures (others)
  A dire elephant (Lair:8)
  A hydra (Lair:7)
  A death yak (Lair:7)
  A hell beast (Lair:8)
  2 ugly things (D:13)
  A cyclops (Orc:3)
  7 black mambas
  A red devil (Lair:8)
  A death yak skeleton (Lair:8)
  3 blink frogs (Lair:3)
  A griffon skeleton (D:15)
  A deep troll skeleton (Orc:3)
  A spiny frog skeleton (Lair:8)
  An ogre (D:6)
  A phantom (D:5)
  3 elephant skeletons (Lair:8)
  2 centaurs
  2 giant frogs (D:6)
  A yaktaur skeleton (D:13)
  2 killer bees (D:13)
  A hippogriff skeleton (Lair:8)
  2 troll skeletons
  A goliath beetle (D:6)
  A hound (D:6)
  A jelly (D:6)
  3 elf skeletons (Bailey)
  2 centaur skeletons
  2 two-headed ogre skeletons (Orc:3)
  A sheep (Lair:8)
  7 ogre skeletons
  An orc (Orc:2)
  A hobgoblin (D:6)
  5 orc skeletons
  6 fungi
  2 plants
  4 tentacles (Abyss:1)
74 creatures vanquished.

Grand Total: 950 creatures vanquished

Notes
Turn   | Place    | Note
--------------------------------------------------------------
     0 | Abyss:1  | MrRokkomies, the Kobold Abyssal Knight, began the quest for the Orb.
     0 | Abyss:1  | Reached XP level 1. HP: 14/14 MP: 1/1
    22 | Abyss:1  | Noticed a kraken
    76 | Abyss:1  | Noticed a large abomination
    89 | Abyss:1  | Noticed a hell hog
    99 | D:1      | Escaped the Abyss
   207 | D:1      | Acquired Lugonu's first power
   233 | D:1      | Reached XP level 2. HP: 19/19 MP: 2/2
   436 | D:1      | Reached XP level 3. HP: 16/24 MP: 4/4
  1045 | D:2      | Reached skill level 4 in Short Blades
  1256 | D:2      | Acquired Lugonu's second power
  1291 | D:2      | Found a stormy altar of Qazlal.
  1360 | D:2      | Reached XP level 4. HP: 21/29 MP: 5/5
  1610 | D:2      | Upgraded the game from 0.17-a0-77-gee7a2f2 to 0.17-a0-81-g781747f
  1715 | D:3      | Reached skill level 1 in Long Blades
  1983 | D:3      | Reached XP level 5. HP: 23/33 MP: 7/7
  2246 | D:3      | Noticed an ogre
  2258 | D:3      | Killed an ogre
  2258 | D:3      | Reached XP level 6. HP: 18/39 MP: 7/9
  2454 | D:4      | Reached skill level 5 in Fighting
  2546 | D:4      | Found a glowing golden altar of the Shining One.
  2601 | D:4      | Found a snail-covered altar of Cheibriados.
  2603 | D:4      | Acquired Lugonu's third power
  2777 | D:4      | Reached XP level 7. HP: 44/44 MP: 12/12
  3016 | D:4      | Noticed Squibie's ghost (weakling DsCK)
  3094 | D:4      | Killed Squibie's ghost
  3440 | D:4      | Reached skill level 5 in Invocations
  3534 | D:5      | Entered Level 5 of the Dungeon
  3634 | D:5      | Found a staircase to the Ecumenical Temple.
  3726 | D:5      | Acquired Lugonu's fourth power
  3743 | D:5      | Reached XP level 8. HP: 22/49 MP: 13/15
  3824 | D:5      | Found a shattered altar of Ashenzari.
  3904 | D:5      | Reached skill level 6 in Invocations
  4079 | D:5      | Found a glowing golden altar of the Shining One.
  4122 | D:5      | Got a spiked ring mail
  4133 | D:5      | Identified the cursed +1 ring mail of a Thousand Stars {rElec MR+ Str+2 Slay+3} (You found it on level 5 of the Dungeon)
  4833 | D:6      | Found a shimmering altar of Xom.
  4847 | D:6      | Reached skill level 5 in Long Blades
  4855 | D:6      | Reached skill level 7 in Invocations
  4950 | D:6      | Reached XP level 9. HP: 39/53 MP: 20/20
  5211 | D:6      | Reached skill level 8 in Invocations
  6148 | D:7      | Reached skill level 5 in Dodging
  6744 | D:8      | Noticed a fire drake
  6753 | D:8      | Killed a fire drake
  6760 | D:8      | Found a staircase to the Lair.
  6824 | D:8      | Found Pyanoa's General Store.
  6847 | D:8      | Reached XP level 10. HP: 58/58 MP: 21/21
  6899 | D:8      | Acquired Lugonu's fifth power
  6904 | D:8      | Found Ycael's Antique Weapon Shop.
  6919 | D:8      | Bought a runed arbalest for 153 gold pieces
  6944 | D:8      | Found a radiant altar of Vehumet.
  6995 | D:8      | Found a white marble altar of Elyvilon.
  6997 | D:8      | Found a deep blue altar of Sif Muna.
  6997 | D:8      | Found a glowing silver altar of Zin.
  7001 | D:8      | Found a blossoming altar of Fedhas.
  7001 | D:8      | Found an opulent altar of Gozag.
  7001 | D:8      | Found a shadowy altar of Dithmenos.
  7387 | D:9      | Learned a level 4 spell: Cause Fear
  7494 | D:9      | Noticed Edmund
  7613 | D:9      | Killed Edmund
  7987 | D:9      | Found a staircase to the Orcish Mines.
  8047 | D:9      | Found an ancient bone altar of Kikubaaqudgha.
  8140 | Lair:1   | Entered Level 1 of the Lair of Beasts
  8361 | Lair:1   | Reached skill level 9 in Dodging
  8677 | Lair:1   | Got a polished blowgun
  8678 | Lair:1   | Identified the +2 blowgun of Exhibitionism {speed, rC- rN+++ Int+2 Stlth-} (You found it on level 1 of the Lair of Beasts)
  8783 | Lair:1   | Reached XP level 11. HP: 45/62 MP: 22/22
  8823 | Lair:1   | Reached skill level 10 in Dodging
  9347 | Lair:2   | Found a labyrinth entrance.
  9358 | Lab      | Entered a labyrinth
  9947 | Lab      | Reached skill level 11 in Dodging
 10124 | Lab      | Noticed a minotaur
 10140 | Lab      | Killed a minotaur
 10152 | Lab      | Got a fine platinum amulet
 10152 | Lab      | Identified Witchcraft, Part Three
 10179 | Lab      | Identified the amulet "Ukileck" {Inacc rN+} (You found it in a labyrinth)
 10183 | Lair:2   | Upgraded the game from 0.17-a0-81-g781747f to 0.17-a0-82-g3e33fa6
 10199 | Lair:2   | Reached skill level 10 in Long Blades
 10822 | Lair:3   | Reached skill level 5 in Short Blades
 11226 | Lair:3   | Reached XP level 12. HP: 17/71 MP: 23/23
 12255 | Lair:3   | Found a staircase to the Shoals.
 12350 | Lair:3   | Reached skill level 10 in Short Blades
 12856 | Lair:3   | Found a burning altar of Makhleb.
 13127 | Lair:4   | Reached skill level 12 in Short Blades
 13710 | Lair:4   | Reached skill level 10 in Fighting
 13710 | Lair:4   | Reached skill level 13 in Short Blades
 13783 | Lair:4   | Got a pair of translucent gloves
 13794 | Lair:4   | Identified the +1 pair of gloves of Somewhere Else {-Cast Regen+ Int+7 Stlth-} (You found it on level 4 of the Lair of Beasts)
 13868 | Lair:4   | Found a staircase to the Snake Pit.
 13984 | Lair:4   | Reached skill level 14 in Short Blades
 13984 | Lair:4   | Reached XP level 13. HP: 56/81 MP: 25/25
 14487 | Lair:5   | Got an encrusted cloak
 14498 | Lair:5   | Identified the cursed +0 cloak "Thowk" {rPois rC+} (You found it on level 5 of the Lair of Beasts)
 14703 | Lair:5   | Reached skill level 15 in Short Blades
 15127 | Lair:6   | Reached skill level 10 in Invocations
 15602 | Lair:6   | Reached skill level 16 in Short Blades
 15638 | Lair:6   | Reached skill level 1 in Crossbows
 16073 | Lair:7   | Found a dark tunnel.
 16083 | Lair:7   | Noticed Snorg
 16083 | Volcano  | Entered a volcano
 16138 | Volcano  | Reached skill level 5 in Crossbows
 16373 | Lair:7   | Banished Snorg
 16552 | Lair:7   | Reached XP level 14. HP: 56/87 MP: 23/29
 16633 | Lair:7   | Learned a level 1 spell: Animate Skeleton
 16774 | Lair:7   | Reached skill level 1 in Armour
 17323 | Lair:8   | Entered Level 8 of the Lair of Beasts
 17754 | Lair:8   | Learned a level 3 spell: Confuse
 17760 | Lair:8   | Learned a level 5 spell: Summon Mana Viper
 17908 | Lair:8   | Found a viscous altar of Jiyva.
 17908 | Lair:8   | Found a staircase to the Slime Pits.
 18231 | Lair:8   | Reached skill level 5 in Armour
 18316 | Lair:8   | Reached skill level 10 in Crossbows
 18331 | Lair:8   | Reached skill level 1 in Hexes
 19063 | Lair:8   | Found a burning altar of Makhleb.
 19394 | Lair:8   | Found a gateway to Hell.
 19411 | Lair:8   | Reached XP level 15. HP: 78/91 MP: 30/30
 19422 | Lair:8   | Reached skill level 1 in Evocations
 19936 | Orc:1    | Entered Level 1 of the Orcish Mines
 20159 | Orc:1    | Found Pruroa's Book Shoppe.
 20175 | Orc:1    | Bought a book of Party Tricks for 700 gold pieces
 20286 | Orc:1    | Found a bloodstained altar of Trog.
 20374 | Orc:2    | Noticed Nergalle
 20380 | Orc:2    | Paralysed by Nergalle for 4 turns
 20431 | Orc:2    | Found Schuabbu's General Store.
 20456 | Orc:2    | Killed Nergalle
 20561 | Orc:2    | Found a flagged portal.
 20573 | Bailey   | Entered a bailey
 20804 | Bailey   | Reached skill level 5 in Hexes
 21857 | Orc:4    | Entered Level 4 of the Orcish Mines
 21857 | Orc:4    | Found Eqin's Distillery.
 21857 | Orc:4    | Found Ynipin's Antique Weapon Emporium.
 22087 | Orc:3    | Reached skill level 5 in Evocations
 23391 | Orc:4    | Found Brin's Magic Scroll Shoppe.
 23433 | Orc:4    | Found Kluumamu's Magic Scroll Shoppe.
 23485 | Orc:4    | Found Mocaomm's Weapon Shop.
 23720 | Orc:4    | Noticed Erica
 23729 | Orc:4    | Killed Erica
 23760 | Orc:4    | Found a roughly hewn altar of Beogh.
 23900 | Orc:4    | Upgraded the game from 0.17-a0-82-g3e33fa6 to 0.17-a0-83-g894156c
 24134 | D:10     | Entered Level 10 of the Dungeon
 24134 | D:10     | Found an iron altar of Okawaru.
 24447 | D:10     | Noticed Psyche
 24449 | D:10     | Killed Psyche
 24536 | D:10     | Found Sywn's Armour Boutique.
 25926 | D:12     | Noticed Erolcha
 25935 | D:12     | Killed Erolcha
 26099 | D:12     | Reached skill level 1 in Spellcasting
 26171 | D:12     | Found Esyemo's Demolitions Depot.
 26193 | D:12     | Bought a book of Conjurations for 480 gold pieces
 26402 | D:12     | Learned a level 3 spell: Dazzling Spray
 27368 | D:13     | Noticed Maurice
 27370 | D:13     | Reached XP level 16. HP: 70/96 MP: 31/31
 27389 | D:13     | Killed Maurice
 27389 | D:13     | Reached skill level 10 in Evocations
 27467 | D:13     | Got an ancient pewter ring
 27483 | D:13     | Identified the ring of Contentment {MR+ Stlth+} (You found it on level 13 of the Dungeon)
 27527 | D:13     | Found a gate to the Vaults.
 27536 | D:13     | Reached skill level 1 in Summonings
 27685 | D:13     | Noticed Fannar
 27696 | D:13     | Killed Fannar
 27980 | D:14     | Noticed Maud
 27980 | D:14     | Noticed Azrael
 28133 | D:13     | Banished Maud
 28749 | D:13     | Banished Azrael
 28749 | D:13     | Reached skill level 5 in Spellcasting
 28975 | D:14     | HP: 1/96 [centaur/arrow[a centaur warrior] (9)]
 29505 | D:14     | Noticed Louise
 29522 | D:14     | Killed Louise
 29873 | D:14     | Reached skill level 5 in Summonings
 30041 | D:15     | Entered Level 15 of the Dungeon
 30322 | D:15     | Shot with a bolt by a yaktaur

Action                   |  1- 3 |  4- 6 |  7- 9 | 10-12 | 13-15 | 16-18 || total
-------------------------+-------+-------+-------+-------+-------+-------++-------
Melee: Short sword       |    66 |    12 |       |       |       |       ||    78
       Falchion          |    15 |    58 |   225 |   416 |   544 |       ||  1258
       Dagger            |       |       |       |   307 |   941 |       ||  1248
       Scimitar          |       |       |       |       |   322 |   211 ||   533
 Fire: Blowgun           |       |    12 |     4 |    24 |    34 |     3 ||    77
       Arbalest          |       |       |       |       |    12 |     3 ||    15
Throw: Stone             |     5 |       |       |       |     4 |       ||     9
 Cast: Animate Skeleton  |       |       |       |       |    40 |     5 ||    45
       Confuse           |       |       |       |       |     3 |       ||     3
       Cause Fear        |       |       |       |       |       |     6 ||     6
Invok: Depart the Abyss  |     1 |       |       |       |       |       ||     1
       Banish            |       |       |     2 |    14 |    12 |     5 ||    33
       Bend Space        |       |       |       |     2 |     7 |     1 ||    10
Evoke: Wand              |       |       |     3 |       |     5 |     1 ||     9
       Rod               |       |       |       |       |    20 |     2 ||    22
  Use: Scroll            |     2 |     6 |     9 |    18 |    16 |     3 ||    54
       Potion            |       |       |     2 |     9 |     7 |     3 ||    21
 Stab: Sleeping          |     1 |     3 |     1 |       |       |       ||     5
       Invisible         |       |       |       |     2 |       |       ||     2
       Distracted        |       |       |       |       |     2 |     1 ||     3
  Eat: Chunk             |     2 |    10 |    13 |    28 |    64 |    18 ||   135
